[Event "ICC tourney 2202 (30 10)"]
[Site "Internet Chess Club"]
[Date "2020.12.13"]
[Round "5"]
[White "JonnyTurgi"]
[Black "iszerencsy"]
[Result "1-0"]
[ICCResult "Black checkmated"]
[WhiteElo "2087"]
[BlackElo "1377"]
[Opening "Benoni defense, Hromodka system"]
[ECO "A43"]
[NIC "OI.09"]
[Time "19:02:09"]
[PlyCount "107"]
[TimeControl "1800+10"]


1. d4 c5 2. d5 d6 3. c4 Nf6 4. Nc3 g6 5. e4 Bg7 6. h3 O-O 7. Nf3 e6 8. Bd3
exd5 9. cxd5 a6 10. a4 Re8 11. O-O Nbd7 12. Re1 Qc7 13. Bf4 Ne5 14. Nxe5
dxe5 15. Be3 Nd7 16. a5 b6 17. axb6 Nxb6 18. Na4 Nxa4 19. Qxa4 Bd7 20. Qc2
c4 21. Qxc4 Qxc4 22. Bxc4 Bb5 23. b3 Rec8 24. Rec1 Bxc4 25. bxc4 f5 26. f3
Bf8 27. c5 f4 28. Bf2 a5 29. c6 Bb4 30. Bc5 Kf7 31. Bxb4 axb4 32. Rab1 Rab8
33. Rc4 b3 34. Rc3 b2 35. Rc2 Ke7 36. Rcxb2 Rxb2 37. Rxb2 Rc7 38. Rb7 Kd6
39. Rxc7 Kxc7 40. Kf2 h5 41. h4 Kd6 42. Ke2 Kc7 43. Kd3 Kd6 44. Kc4 Kc7 45.
Kc5 Kd8 46. d6 Kc8 47. Kd5 g5 48. hxg5 h4 49. Kxe5 h3 50. gxh3 Kd8 51. g6
Ke8 52. Kf6 Kf8 53. d7 Kg8 54. d8=Q# { Black checkmated } 1-0

[Event "ICC tourney 2202 (30 10)"]
[Site "Internet Chess Club"]
[Date "2020.12.13"]
[Round "5"]
[White "e4f5"]
[Black "kevinsun"]
[Result "1-0"]
[ICCResult "Black resigns"]
[WhiteElo "2253"]
[BlackElo "1161"]
[Opening "Sicilian: accelerated fianchetto, modern variation"]
[ECO "B34"]
[NIC "SI.33"]
[Time "19:02:14"]
[PlyCount "61"]
[TimeControl "1800+10"]


1. e4 c5 2. Nf3 Nc6 3. d4 cxd4 4. Nxd4 g6 5. Nc3 Bg7 6. Nb3 d6 7. Be2 Nf6
8. O-O O-O 9. Bg5 Bd7 10. Kh1 a6 11. a4 Rc8 12. f4 Na5 13. Nxa5 Qxa5 14. e5
dxe5 15. Bxf6 exf6 16. Qxd7 exf4 17. Qxb7 f5 18. Qxa6 Bxc3 19. bxc3 Qxc3
20. Qd3 Qc7 21. Qd2 Rfd8 22. Qxf4 Qxc2 23. Bf3 Rc4 24. Qg5 Rdc8 25. a5 R8c7
26. a6 Ra7 27. Qd8+ Kg7 28. Qb6 Rcc7 29. Bb7 Qc5 30. Qxc5 Rxc5 31. Rac1 {
Black resigns } 1-0

[Event "ICC tourney 2202 (30 10)"]
[Site "Internet Chess Club"]
[Date "2020.12.13"]
[Round "5"]
[White "speedyplot"]
[Black "pstots"]
[Result "1-0"]
[ICCResult "Black checkmated"]
[WhiteElo "1849"]
[BlackElo "1599"]
[Opening "Petrov: Nimzovich attack"]
[ECO "C42"]
[NIC "RG.03"]
[Time "19:02:53"]
[PlyCount "59"]
[TimeControl "1800+10"]


1. e4 e5 2. Nf3 Nf6 3. Nxe5 d6 4. Nf3 Nxe4 5. Nc3 Nxc3 6. dxc3 Be7 7. Be3
O-O 8. Qd2 Nc6 9. O-O-O Bg4 10. Be2 Qd7 11. h3 Bf5 12. g4 Be4 13. Rhg1 Qe6
14. Kb1 Ne5 15. Nd4 Qd7 16. f4 Nc6 17. g5 Nxd4 18. cxd4 f6 19. h4 fxg5 20.
fxg5 d5 21. h5 b6 22. g6 h6 23. Bxh6 gxh6 24. Qxh6 Bd6 25. Bg4 Bf5 26. g7
Rfe8 27. Bxf5 Qxf5 28. Rdf1 Re1+ 29. Rxe1 Qh7 30. Qe6# { Black checkmated }
1-0

[Event "ICC tourney 2202 (30 10)"]
[Site "Internet Chess Club"]
[Date "2020.12.13"]
[Round "5"]
[White "youngjp"]
[Black "mhebden"]
[Result "0-1"]
[ICCResult "White resigns"]
[WhiteElo "2469"]
[BlackElo "2503"]
[Opening "King's Indian: orthodox, Aronin-Taimanov, 9.Ne1"]
[ECO "E98"]
[NIC "KI.03"]
[Time "19:02:08"]
[PlyCount "82"]
[TimeControl "1800+10"]


1. d4 Nf6 2. c4 g6 3. Nc3 Bg7 4. e4 d6 5. Nf3 O-O 6. Be2 e5 7. O-O Nc6 8.
d5 Ne7 9. Ne1 Nd7 10. Be3 f5 11. f3 f4 12. Bf2 g5 13. a4 a6 14. Nd3 Rf6 15.
b4 Qe8 16. Re1 Qh5 17. h3 Rh6 18. Bf1 Nf6 19. c5 g4 20. fxg4 Bxg4 21. Be2
Bxe2 22. Qxe2 Qg5 23. Qf3 Ng6 24. Rac1 Nh8 25. cxd6 cxd6 26. Ne2 Nf7 27.
Rc7 b5 28. a5 Rf8 29. Kf1 Rg6 30. Rec1 Qh6 31. Rxf7 Rxf7 32. Rc6 Nh5 33.
Ke1 Rg3 34. Bxg3 fxg3 35. Qg4 Kh8 36. Rxa6 Rf8 37. Rc6 Qe3 38. Rc3 Bh6 39.
Nf4 Qf2+ 40. Kd1 Nxf4 41. Nxf4 Bxf4 { White resigns } 0-1

[Event "ICC tourney 2202 (30 10)"]
[Site "Internet Chess Club"]
[Date "2020.12.13"]
[Round "5"]
[White "clair"]
[Black "alexdora"]
[Result "0-1"]
[ICCResult "White checkmated"]
[WhiteElo "1682"]
[BlackElo "1950"]
[Opening "Queen's pawn, Mason variation"]
[ECO "D00"]
[NIC "QP.08"]
[Time "19:02:22"]
[PlyCount "102"]
[TimeControl "1800+10"]


1. d4 d5 2. Bf4 e6 3. e3 Bd6 4. Bg3 Nf6 5. Nf3 Ne4 6. Bd3 f5 7. Ne5 O-O 8.
Nd2 Nd7 9. Nxd7 Bxd7 10. Bxd6 cxd6 11. Bxe4 fxe4 12. O-O Bb5 13. Re1 Qh4
14. f4 exf3 15. Nxf3 Qg4 16. a4 Be8 17. Rf1 Qe4 18. Qd3 Qg4 19. c3 Bg6 20.
Qd1 Bh5 21. Rf2 Rf6 22. Kh1 Raf8 23. Qg1 h6 24. Raf1 Qf5 25. h3 Be8 26. Nd2
Qxf2 27. Rxf2 Rxf2 28. Nf3 Rxb2 29. Qa1 Rb3 30. Nd2 Rb6 31. a5 Rc6 32. Kg1
Bg6 33. Qb2 b6 34. axb6 Rxb6 35. Qa3 a6 36. c4 Rc8 37. c5 dxc5 38. dxc5
Rbc6 39. Nf3 Rxc5 40. Qxa6 R5c6 41. Qb7 R8c7 42. Qb8+ Kh7 43. Ne5 Rc1+ 44.
Kh2 Be4 45. Qe8 R1c2 46. h4 Rxg2+ 47. Kh3 Rc1 48. Nf3 Bxf3 49. Qg6+ Kxg6
50. h5+ Kxh5 51. e4 Rh1# { White checkmated } 0-1

[Event "ICC tourney 2202 (30 10)"]
[Site "Internet Chess Club"]
[Date "2020.12.13"]
[Round "5"]
[White "wangfang75"]
[Black "sye"]
[Result "0-1"]
[ICCResult "White resigns"]
[WhiteElo "1858"]
[BlackElo "1905"]
[Opening "Sicilian: Scheveningen variation"]
[ECO "B80"]
[NIC "SI.19"]
[Time "19:02:13"]
[PlyCount "50"]
[TimeControl "1800+10"]


1. e4 c5 2. Nf3 e6 3. d4 cxd4 4. Nxd4 Nf6 5. Nc3 d6 6. Be3 a6 7. f3 b5 8.
Qd2 Nbd7 9. Be2 b4 10. Nd1 d5 11. Nf2 Bb7 12. exd5 Nxd5 13. Bg5 Qc7 14. Ne4
N7f6 15. Nxf6+ gxf6 16. Bh6 Bd6 17. g3 Rc8 18. Bd3 Be5 19. Be4 Qc4 20. Rd1
Rd8 21. b3 Qc5 22. f4 Nc3 23. fxe5 Bxe4 24. Nxe6 Rxd2 25. Ng7+ Ke7 { White
resigns } 0-1

[Event "ICC tourney 2202 (30 10)"]
[Site "Internet Chess Club"]
[Date "2020.12.13"]
[Round "5"]
[White "bopala"]
[Black "mchessmaster"]
[Result "1/2-1/2"]
[ICCResult "Game drawn by mutual agreement"]
[WhiteElo "1939"]
[BlackElo "1976"]
[Opening "Queen's gambit accepted"]
[ECO "D20"]
[NIC "QG.03"]
[Time "19:02:23"]
[PlyCount "84"]
[TimeControl "1800+10"]


1. d4 d5 2. c4 dxc4 3. Nc3 e5 4. dxe5 Qxd1+ 5. Nxd1 Nc6 6. Nf3 Bg4 7. Ne3
Bxf3 8. exf3 Nxe5 9. Nxc4 Bb4+ 10. Bd2 Bxd2+ 11. Kxd2 O-O-O+ 12. Kc2 Nc6
13. Be2 Nf6 14. Rhe1 Rhe8 15. Bf1 Nd4+ 16. Kc3 b5 17. Rxe8 Nxe8 18. Na3 a6
19. Nc2 Nxc2 20. Kxc2 Nd6 21. a4 Kb7 22. axb5 axb5 23. Re1 Kb6 24. b4 Re8
25. Rxe8 Nxe8 26. Kc3 Nf6 27. Kd4 c6 28. Bd3 h6 29. Be4 Kc7 30. Kc5 Nd7+
31. Kd4 Kd6 32. f4 g6 33. Bf3 c5+ 34. bxc5+ Nxc5 35. Kc3 Ne6 36. Kb4 Nd4
37. Be4 Ne2 38. Bb7 Nd4 39. Be4 Ne2 40. Bb7 Nd4 41. Be4 Ne2 42. g3 Nd4 {
Game drawn by mutual agreement } 1/2-1/2

[Event "ICC tourney 2202 (30 10)"]
[Site "Internet Chess Club"]
[Date "2020.12.13"]
[Round "5"]
[White "TjkTiger"]
[Black "Openyagami"]
[Result "1/2-1/2"]
[ICCResult "Game drawn by mutual agreement"]
[WhiteElo "2602"]
[BlackElo "2604"]
[Opening "English: Anglo-Grünfeld, Czech defense"]
[ECO "A10"]
[NIC "EO.53"]
[Time "19:02:44"]
[PlyCount "94"]
[TimeControl "1800+10"]


1. c4 g6 2. Nc3 Nf6 3. g3 d5 4. cxd5 Nxd5 5. Bg2 Nb6 6. h4 Bg7 7. h5 O-O 8.
d3 c5 9. Be3 c4 10. hxg6 hxg6 11. d4 Nc6 12. Qd2 Nxd4 13. O-O-O Nc6 14. Qc2
Qe8 15. Qe4 Bf5 16. Qh4 f6 17. Bxb6 axb6 18. Qxc4+ Rf7 19. Bd5 b5 20. Bxf7+
Qxf7 21. Qxf7+ Kxf7 22. e4 Be6 23. Nge2 Bg4 24. a3 b4 25. axb4 Nxb4 26. Kb1
f5 27. Rhe1 Rc8 28. Rd2 Rc4 29. Nf4 Bxc3 30. bxc3 Rxc3 31. Kb2 Rf3 32. exf5
g5 33. Re4 gxf4 34. Rxb4 fxg3 35. fxg3 Rxg3 36. Rd5 Bf3 37. Re5 Bc6 38. Rf4
Rf3 39. Rh4 Kf6 40. Re6+ Kxf5 41. Rxe7 Kf6 42. Rhh7 Bd5 43. Re8 b5 44. Rb8
Bc4 45. Rb6+ Ke5 46. Rh5+ Kd4 47. Rd6+ Ke4 { Game drawn by mutual agreement
} 1/2-1/2

[Event "ICC tourney 2202 (30 10)"]
[Site "Internet Chess Club"]
[Date "2020.12.13"]
[Round "5"]
[White "rychessmaster1"]
[Black "MrNormalName"]
[Result "1-0"]
[ICCResult "Black checkmated"]
[WhiteElo "2180"]
[BlackElo "2181"]
[Opening "Queen's pawn game"]
[ECO "D00"]
[NIC "QP.07"]
[Time "19:03:04"]
[PlyCount "109"]
[TimeControl "1800+10"]


1. d4 Nf6 2. Nc3 d5 3. Bf4 e6 4. Nb5 Na6 5. e3 c6 6. Nc3 Bb4 7. Bxa6 bxa6
8. Nf3 Ne4 9. O-O Nxc3 10. bxc3 Bxc3 11. Rb1 O-O 12. Ne5 f6 13. Nxc6 Qd7
14. Nb4 Qa4 15. Bd6 Rd8 16. Bc5 a5 17. Nd3 Qxa2 18. Rb3 Bb4 19. c3 Bxc5 20.
Nxc5 Bd7 21. Qg4 e5 22. Qg3 Rac8 23. Rb7 Rxc5 24. dxc5 Qa4 25. Rxa7 Qb5 26.
c6 Qxc6 27. Rxa5 Be6 28. Rc1 Rb8 29. h3 Bf7 30. Qg4 Qc7 31. Qa4 Qc8 32. Ra7
Be6 33. Qa3 Bxh3 34. gxh3 Qxh3 35. Ra8 Qg4+ 36. Kf1 Qh3+ 37. Ke1 Rc8 38.
Rxc8+ Qxc8 39. Qd6 Qc4 40. Qb4 Qc8 41. Rd1 Qc6 42. Qa5 d4 43. cxd4 Qh1+ 44.
Kd2 Qf3 45. Qd8+ Kf7 46. Qd7+ Kg6 47. Rg1+ Kh5 48. Ke1 exd4 49. Qxg7 Qe4
50. Qf7+ Kh4 51. Qxf6+ Kh3 52. Qh6+ Qh4 53. Rh1+ Kg2 54. Qxh4 dxe3 55. Qh3#
{ Black checkmated } 1-0

[Event "ICC tourney 2202 (30 10)"]
[Site "Internet Chess Club"]
[Date "2020.12.13"]
[Round "5"]
[White "Pifischer"]
[Black "DualMoneytime"]
[Result "0-1"]
[ICCResult "White checkmated"]
[WhiteElo "1976"]
[BlackElo "1960"]
[Opening "French: Burn variation"]
[ECO "C11"]
[NIC "FR.05"]
[Time "19:02:12"]
[PlyCount "122"]
[TimeControl "1800+10"]


1. e4 e6 2. d4 d5 3. Nc3 Nf6 4. Bg5 dxe4 5. Nxe4 Be7 6. Bxf6 gxf6 7. Nf3 f5
8. Ned2 c5 9. c3 Nc6 10. Nc4 cxd4 11. Qc2 b5 12. Nce5 Nxe5 13. Nxe5 Qd5 14.
Nf3 dxc3 15. Qxc3 Qe4+ 16. Kd1 O-O 17. Bd3 Qd5 18. Ke2 b4 19. Qc2 Bb7 20.
Rhd1 Qa5 21. Kf1 Rac8 22. Qe2 Bf6 23. a3 b3 24. Rac1 Rxc1 25. Rxc1 Rd8 26.
Kg1 Bxf3 27. gxf3 Qe5 28. Qxe5 Bxe5 29. Bc4 Rc8 30. Re1 Bc3 31. Bxe6 fxe6
32. Rc1 Rc5 33. bxc3 Rc4 34. Kf1 a5 35. a4 Rxa4 36. Ke2 Ra2+ 37. Kd3 a4 38.
c4 b2 39. Rb1 Kf8 40. c5 Ke8 41. Kc4 Kd8 42. Kb5 a3 43. Rd1+ Kc7 44. c6 Ra1
45. Rd7+ Kc8 46. Kc5 Rc1+ 47. Kd6 Rd1+ 48. Ke7 b1=Q 49. Ra7 Qb4+ 50. Kf7
Qb6 51. Re7 Qc7 52. Kxe6 Qxe7+ 53. Kxe7 a2 54. c7 a1=Q 55. f4 Qa3+ 56. Kf6
Qd6+ 57. Kxf5 Rd5+ 58. Kg4 Qg6+ 59. Kf3 Rd3+ 60. Ke2 Qe4+ 61. Kf1 Rd1# {
White checkmated } 0-1

[Event "ICC tourney 2202 (30 10)"]
[Site "Internet Chess Club"]
[Date "2020.12.13"]
[Round "5"]
[White "Volkov"]
[Black "KRASAVCHIK"]
[Result "1-0"]
[ICCResult "Black resigns"]
[WhiteElo "2607"]
[BlackElo "2648"]
[Opening "Queen's Indian: Nimzovich variation (exaggerated fianchetto)"]
[ECO "E15"]
[NIC "QI.05"]
[Time "19:02:13"]
[PlyCount "145"]
[TimeControl "1800+10"]


1. d4 Nf6 2. c4 e6 3. Nf3 b6 4. g3 Ba6 5. Qa4 Be7 6. Bg2 O-O 7. Nc3 c6 8.
Bf4 Bb7 9. O-O d5 10. cxd5 cxd5 11. Rfc1 Nh5 12. Bxb8 Qxb8 13. Ne5 Nf6 14.
Nc6 Bxc6 15. Qxc6 Rc8 16. Qa4 Rc4 17. Qd1 b5 18. e3 a6 19. Bf1 Rc8 20. a4
b4 21. Ne2 a5 22. Rxc8+ Qxc8 23. Rc1 Qd8 24. Qc2 Bd6 25. Qc6 h5 26. Rc2 b3
27. Rc1 Bb4 28. Qc7 Qf8 29. Nf4 Bd6 30. Qb6 h4 31. Qxb3 g5 32. Nd3 hxg3 33.
hxg3 Rb8 34. Qc2 Qh6 35. Qd1 Kg7 36. Bg2 Ne4 37. Rc6 Rh8 38. Ne5 f5 39. Kf1
Rb8 40. b3 Bb4 41. Rc7+ Kg8 42. Bxe4 dxe4 43. Kg2 Bd6 44. Rd7 Bf8 45. Qc2
g4 46. Kg1 Bg7 47. Nc6 Rf8 48. Rd8 Qf6 49. Rxf8+ Qxf8 50. Nxa5 Qb4 51. Nc4
Qe1+ 52. Kg2 f4 53. gxf4 g3 54. fxg3 Bf6 55. a5 Kg7 56. a6 Qa1 57. Qxe4
Qxa6 58. Kh3 Qa1 59. Ne5 Qf1+ 60. Qg2 Qd1 61. Qb7+ Kh8 62. Qc8+ Kh7 63.
Qd7+ Bg7 64. Qf7 Qe2 65. Qg6+ Kh8 66. Qd3 Qf2 67. b4 Qg1 68. b5 Qh1+ 69.
Kg4 Qb7 70. Nf3 Qd7 71. Ng5 Kg8 72. Qh7+ Kf8 73. Qg6 { Black resigns } 1-0